 Dungeon Crawl Stone Soup version 0.29.1-1-gd02db6906a (webtiles) character file.

Game seed: 8717924087791715945

115301 Ijustatesigmund the Warrior (level 16, -2/112 HPs)
             Began as a Gargoyle Fighter on Sept 16, 2022.
             Was the Champion of Cheibriados.
             Slain by an emperor scorpion (28 damage)
             ... on level 1 of the Spider Nest.
             The game lasted 00:55:29 (28537 turns).

Ijustatesigmund the Warrior (Gargoyle Fighter)     Turns: 28537, Time: 00:55:31

Health: -2/112     AC: 31    Str: 39    XL:     16   Next: 68%
Magic:  20/27      EV: 14    Int: 33    God:    Cheibriados [******]
Gold:   1437       SH: 20    Dex: 26    Spells: 13/15 levels left

rFire   + + +      SeeInvis .   P - +4 demon whip (vorpal)
rCold   + + .      Faith    .   c - +2 shield of Resistance {rF++ rC++ Will++}
rNeg    + . .      Spirit   .   b - +6 fire dragon scales
rPois   ∞          Reflect  +   w - +2 helmet
rElec   +          Harm     .   D - +2 cloak
rCorr   .          Rampage  .   L - +2 pair of gloves {Str+3}
Will    +++..                   I - +2 pair of boots {rF+}
Stlth   ..........              B - amulet of reflection
HPRegen 0.28/turn               j - +4 ring of slaying
MPRegen 0.20/turn               h - ring of Sug Amnuyp {Fly rElec rF- rC+ Int+4}

@: corroded, flying, studying Short Blades, very slow
A: sickness immunity, AC +12, big wings, negative energy resistance 1,
electricity resistance, torment resistance 1, petrification resistance
a: Renounce Religion, Bend Time, Temporal Distortion, Slouch, Step From Time


You were on level 1 of the Spider Nest.
You worshipped Cheibriados.
Cheibriados was exalted by your worship.
You visited 6 branches of the dungeon, and saw 25 of its levels.
You also visited: Ossuary.

You collected 2395 gold pieces.
You spent 958 gold pieces at shops.

Inventory:

Hand Weapons
 a - a +2 vorpal flail
 z - a +1 flail of holy wrath
 P - a +4 vorpal demon whip (weapon)
Missiles
 v - 2 throwing nets (quivered)
Armour
 b - +6 fire dragon scales (worn)
 c - the +2 shield of Resistance (worn) {rF++ rC++ Will++}
   (You found it on level 10 of the Dungeon)

   rF:        It greatly protects you from fire.
   rC:        It greatly protects you from cold.
   Will:      It greatly increases your willpower.
 w - a +2 helmet (worn)
 D - a +2 cloak (worn)
 I - a +2 pair of boots of fire resistance (worn)
 J - the +3 hat of Pondering {ponderous, Will+ MP+10 Int+5}
   (You took it off Gastronok on level 8 of the Dungeon)

   Int:       It affects your intelligence (+5).
   MP:        It affects your magic capacity (+10).
   Will:      It increases your willpower.
 L - a +2 pair of gloves of strength (worn)
Jewellery
 h - the ring of Sug Amnuyp (right hand) {Fly rElec rF- rC+ Int+4}
   (You acquired it on level 10 of the Dungeon)

   [ring of protection from cold]

   Int:       It affects your intelligence (+4).
   rF:        It makes you vulnerable to fire.
   rC:        It protects you from cold.
   rElec:     It insulates you from electricity.
   Fly:       It grants you flight.
 j - a +4 ring of slaying (left hand)
 m - a ring of magical power
 u - a +4 ring of protection
 B - an amulet of reflection (around neck)
 F - a +6 ring of intelligence
 H - a ring of willpower
 S - an amulet of the acrobat
 W - a ring of ice
Wands
 q - a wand of flame (9)
 x - a wand of light (3)
 y - a wand of iceblast (5)
 C - a wand of mindburst (11)
 E - a wand of charming (16)
Scrolls
 e - 6 scrolls of amnesia
 i - a scroll of brand weapon
 p - 8 scrolls of identify
 G - 2 scrolls of poison
 K - a scroll of fog
 O - 2 scrolls of magic mapping
 T - 2 scrolls of torment
 U - a scroll of fear
Potions
 f - 4 potions of lignification
 g - 4 potions of cancellation
 k - 5 potions of curing
 n - 3 potions of resistance
 o - 6 potions of brilliance
 r - 4 potions of haste
 s - 2 potions of mutation
 t - 4 potions of magic
 A - 2 potions of attraction
 N - a potion of berserk rage
 Q - 2 potions of heal wounds
 R - 3 potions of might
Miscellaneous
 M - a phantom mirror


   Skills:
 + Level 16.8 Fighting
 - Level 12.3 Maces & Flails
 - Level 10.5 Armour
 - Level 6.1 Dodging
 - Level 8.9 Shields
 - Level 5.4 Fire Magic
 + Level 14.6 Invocations
 + Level 10.5 Evocations


You had 13 spell levels left.
You knew the following spells:

 Your Spells              Type           Power      Damage    Failure   Level
a - Scorch                Fire           72%        2d9       5%          2

Your spell library contained the following spells:

 Spells                   Type           Power      Damage    Failure   Level
 Necrotise                Necr           0%         1d4       32%         1
 Blink                    Tloc           0%         N/A       45%         2
 Ensorcelled Hibernation  Hex/Ice        0%         N/A       45%         2
 Passwall                 Tmut/Erth      0%         N/A       45%         2
 Gell's Gravitas          Tloc           0%         N/A       69%         3
 Lesser Beckoning         Tloc           0%         N/A       69%         3
 Ozocubu's Armour         Ice            0%         N/A       69%         3
 Portal Projectile        Hex/Tloc       0%         N/A       69%         3
 Spider Form              Tmut/Pois      0%         N/A       69%         3
 Swiftness                Air            0%         N/A       69%         3
 Teleport Other           Tloc           0%         N/A       69%         3
 Tukima's Dance           Hex            0%         N/A       69%         3
 Flame Wave               Conj/Fire      18%        2d7       73%         4
 Airstrike                Air            0%         2d(0-16)  97%         4
 Anguish                  Hex/Necr       0%         N/A       97%         4
 Leda's Liquefaction      Hex/Erth       0%         N/A       97%         4
 Summon Lightning Spire   Summ/Air       0%         N/A       97%         4
 Fireball                 Conj/Fire      9%         3d6       97%         5
 Agony                    Necr           0%         N/A       100%        5
 Blade Hands              Tmut           0%         N/A       100%        5
 Lee's Rapid Deconstruct  Erth           0%         3d5*      100%        5
 Lightning Bolt           Conj/Air       0%         1d11      100%        5
 Manifold Assault         Tloc           0%         N/A       100%        5
 Conjure Ball Lightning   Conj/Air       0%         3x3d6     100%        6
 Dispersal                Tloc           0%         N/A       100%        6
 Starburst                Conj/Fire      9%         6d5       100%        6
 Summon Cactus Giant      Summ           0%         N/A       100%        6
 Haunt                    Necr/Summ      0%         N/A       100%        7
 Malign Gateway           Summ/Tloc      0%         N/A       100%        7
 Ozocubu's Refrigeration  Ice            0%         4d7       100%        7
 Discord                  Hex            0%         N/A       100%        8
 Disjunction              Tloc           0%         N/A       100%        8
 Ignition                 Fire           18%        3d7       100%        8
 Summon Horrible Things   Summ           0%         N/A       100%        8
 Sublimation of Blood     Necr           Unusable   N/A       N/A         2
 Statue Form              Tmut/Erth      Unusable   N/A       N/A         6

Dungeon Overview and Level Annotations

Branches:
Dungeon (15/15)            Temple (1/1) D:7            Lair (5/5) D:8
 Shoals (0/4) Lair:2       Spider (1/4) Lair:3        Slime (0/5) Lair:5
    Orc (2/2) D:9             Elf (1/3) Orc:2       Ossuary (visited)
 Vaults: D:13-14     Depths: D:15

Altars:
Ashenzari
Cheibriados
Dithmenos
Elyvilon
Fedhas
Gozag
Hepliaklqana
Kikubaaqudgha
Makhleb
Nemelex Xobeh
Okawaru
Qazlal
Ru
Sif Muna
Trog
Uskayaw
Vehumet
Wu Jian
Xom
Yredelemnul
Zin
The Shining One
Jiyva

Shops:
D:3 =   D:8 *   Orc:2 [![!

Portals:
Hell: Lair:5
Trove: D:12 (give 11 potions of heal wounds)

Annotations:
D:10 1 runed translucent door


Innate Abilities, Weirdness & Mutations

You are immune to sickness and miasma.
Your stone body is resilient. (AC +12)
You are immune to poison.
Your large and strong wings let you fly.
You resist negative energy. (rN+)
You are resistant to electric shocks. (rElec)
You are resistant to unholy torment.
You are immune to petrification.


Message History

Cheibriados thoroughly appreciates the change of pace.
The moth of wrath's fur bristles in rage as it notices you.
A redback comes into view.
You block the emperor scorpion's attack. x2
The emperor scorpion claws you but does no damage.
Unknown command.
Okay, then.
You whack the emperor scorpion!
The emperor scorpion is heavily wounded.
A tarantella comes into view.
The emperor scorpion stings you. The emperor scorpion misses you.
The emperor scorpion claws you but does no damage.
The tarantella's many legs skitter faintly.
You hit the emperor scorpion.
The emperor scorpion is heavily wounded.
The emperor scorpion attacks as you move away!
You block the emperor scorpion's attack.
The emperor scorpion closely misses you. x2
The emperor scorpion stings you!!
You block the emperor scorpion's attack.
The emperor scorpion barely misses you.
The moth of wrath goads the redback on!
The redback goes berserk!
The moth of wrath goads the emperor scorpion on!
The emperor scorpion goes berserk!
The emperor scorpion stings you!
* * * LOW HITPOINT WARNING * * *
The emperor scorpion claws you but does no damage. x2
The emperor scorpion attacks as you move away!
The emperor scorpion misses you.
You block the emperor scorpion's attack.
The emperor scorpion closely misses you.
You block the redback's attack. The redback bites you.
* * * LOW HITPOINT WARNING * * *
The tarantella barely misses you.
The redback bites you but does no damage.
You block the emperor scorpion's attack.
The emperor scorpion claws you but does no damage. x2
The tarantella touches you.
* * * LOW HITPOINT WARNING * * *
You block the redback's attack. The emperor scorpion stings you!!
You die...

. ..........†.......
.. .........?†#...#.
... #........†#.....
.... #..#............
#....#..#..#y.......#
..............###...#
#.............# ...#
....#.^..†#ss^# .## .
#.....s@..# .
####..†...# #~..#>.#
≈≈#~.#..# #≈≈≈#≈≈~≈#
#≈≈≈≈≈≈≈≈≈#
#≈≈≈≈≈≈≈≈###
#≈≈#≈#≈≈≈#


You could see an emperor scorpion (berserk), a moth of wrath, a tarantella and a
redback (berserk).

Vanquished Creatures
  Jorgrun (Orc:1)
  Gastronok (D:8)
  Kirke (Lair:3)
  An orc warlord (Orc:1)
  An emperor scorpion (Spider:1)
  An entropy weaver (Spider:1)
  Nessos (Lair:4)
  Snorg (Lair:4)
  4 fire dragons
  A deep elf high priest (Elf:1)
  2 ice dragons
  Fannar (D:12)
  A boulder beetle (Lair:4)
  A hell beast (Lair:5)
  9 hydras
  8 centaur warriors
  4 ogre magi (Orc:2)
  2 dancing weapons (Elf:1)
  6 death yaks (Lair:5)
  15 two-headed ogres
  4 deep elf knights (Elf:1)
  Urug (Lair:3)
  Nergalle (D:11)
  A flayed ghost (D:14)
  A death drake (shapeshifter) (D:14)
  Pikel (D:7)
  5 deep elf archers (Elf:1)
  3 necromancers (Elf:1)
  7 deep elf zephyrmancers (Elf:1)
  A wizard (Lair:5)
  11 deep elf pyromancers
  3 cyclopes
  3 orc sorcerers (Orc:1)
  13 ugly things
  A wolf spider (Spider:1)
  6 manticores (D:14)
  A salamander (shapeshifter) (Elf:1)
  15 elephants (Lair:5)
  An eye of devastation (Lair:5)
  2 gargoyles
  11 black mambas
  11 cane toads
  A smoke demon (Lair:5)
  2 orange demons (Lair:5)
  An efreet (D:9)
  3 ice devils (Lair:5)
  7 rime drakes
  A demonic crawler (Spider:1)
  7 komodo dragons
  3 freezing wraiths
  A red devil (Lair:5)
  2 tengu conjurers
  3 trolls
  A meliai (D:14)
  17 blink frogs
  2 tarantellas (Spider:1)
  7 dream sheep (Lair:5)
  3 polar bears
  9 slime creatures
  3 large abominations (Elf:1)
  A shadow (D:11)
  A vampire (D:9)
  A culicivora (Spider:1)
  3 wraiths
  2 air elementals (Elf:1)
  21 yaks
  2 basilisks
  2 hogs (Lair:3)
  2 wyverns (Lair:5)
  A vampire mosquito (D:14)
  A steam dragon (D:7)
  Edmund (D:6)
  4 redbacks (Spider:1)
  A warg (Orc:1)
  17 water moccasins
  3 acid dragons
  3 hell hounds (Lair:5)
  A floating eye (Lair:5)
  18 orc warriors
  An ice beast (D:6)
  2 sky beasts
  2 black bears (D:7)
  14 wolves
  20 ogres
  22 centaurs
  A phantom (D:6)
  Blork the orc (D:6)
  A kobold brigand (D:11)
  14 bullfrogs
  A scorpion (D:6)
  A killer bee (D:5)
  3 howler monkeys (D:9)
  5 electric eels
  4 lava snakes (Lair:3)
  A hound (D:6)
  2 human zombies (Ossuary)
  10 orc priests
  Crazy Yiuf (D:6)
  5 iguanas
  25 orc wizards
  A hound zombie (Ossuary)
  4 mummies (Ossuary)
  12 gnolls
  7 adders
  A shadow imp (D:8)
  2 white imps
  An adder zombie (Ossuary)
  4 dart slugs
  66 orcs
  4 endoplasms
  A giant cockroach (D:1)
  3 goblins
  8 hobgoblins
  2 jackals (D:1)
  2 quokkas (D:4)
  5 ball pythons
  9 bats
  9 frilled lizards
  A gnoll zombie (Ossuary)
  3 hobgoblin zombies (Ossuary)
  A jackal zombie (Ossuary)
  12 kobolds
  A kobold zombie (Ossuary)
  2 orc zombies (Ossuary)
  8 rats
628 creatures vanquished.

Vanquished Creatures (collateral kills)
  A boulder beetle (D:14)
  3 slime creatures (D:14)
4 creatures vanquished.

Vanquished Creatures (others)
  A deep elf knight (Elf:1)
  A sun moth (Spider:1)
  A deep elf pyromancer (Elf:1)
  A water elemental (Elf:1)
  A human (Lair:3)
  An orc (Orc:1)
  A bush (D:12)
  3 demonic plants (D:1)
  31 fungi
  39 plants
  2 withered plants (D:1)
82 creatures vanquished.

Grand Total: 714 creatures vanquished

Notes
Turn   | Place    | Note
-------+----------+-------------------------------------------
     0 | D:1      | Ijustatesigmund the Gargoyle Fighter began the quest for
                  | the Orb.
     0 | D:1      | Reached XP level 1. HP: 14/14 MP: 1/1
   240 | D:1      | Reached XP level 2. HP: 12/19 MP: 2/2
   415 | D:1      | Found a faded altar of an unknown god.
   954 | D:1      | Reached XP level 3. HP: 13/24 MP: 3/3
   955 | D:1      | Reached skill level 4 in Fighting
  1801 | D:2      | Found a basalt altar of Yredelemnul.
  1839 | D:2      | Reached XP level 4. HP: 30/30 MP: 4/4
  2532 | D:3      | Learned a level 2 spell: Scorch
  2781 | D:3      | Reached XP level 5. HP: 34/34 MP: 5/5
  2862 | D:3      | Found a shimmering blue altar of Sif Muna.
  3094 | D:3      | Found Emipn's Jewellery Shop.
  3280 | D:4      | Reached skill level 10 in Fighting
  3280 | D:4      | Reached XP level 6. HP: 48/48 MP: 6/6
  3426 | D:4      | Found a sand-covered staircase.
  3431 | Ossuary  | Entered an ossuary
  4426 | D:4      | Reached XP level 7. HP: 53/53 MP: 7/7
  4696 | D:5      | Entered Level 5 of the Dungeon
  5332 | D:5      | Reached skill level 11 in Fighting
  5349 | D:5      | Reached XP level 8. HP: 35/60 MP: 8/8
  6118 | D:6      | Reached skill level 10 in Maces & Flails
  6245 | D:6      | Noticed Blork the orc
  6249 | D:6      | Noticed Edmund
  6255 | D:6      | Killed Blork the orc
  6262 | D:6      | Killed Edmund
  6263 | D:6      | Reached skill level 5 in Armour
  6720 | D:6      | Reached XP level 9. HP: 64/64 MP: 9/9
  6776 | D:6      | Found a runed translucent door.
  6777 | D:6      | Noticed Crazy Yiuf
  6782 | D:6      | Killed Crazy Yiuf
  7064 | D:7      | Noticed Pikel
  7070 | D:7      | Killed Pikel
  7122 | D:7      | Noticed a gargoyle
  7129 | D:7      | Killed a gargoyle
  7676 | D:7      | Found a staircase to the Ecumenical Temple.
  7684 | Temple   | Entered the Ecumenical Temple
  7849 | Temple   | Became a worshipper of Cheibriados the Contemplative
  8088 | D:8      | Found Ibleg's Fire Supplies.
  8094 | D:8      | Bought a +2 pair of boots of fire resistance for 301 gold
                  | pieces
  8188 | D:8      | Reached XP level 10. HP: 71/71 MP: 10/10
  8237 | D:8      | Reached skill level 1 in Dodging
  8294 | D:8      | Reached skill level 1 in Invocations
  8297 | D:8      | Found a staircase to the Lair.
  8375 | D:8      | Reached * piety under Cheibriados
  8665 | D:8      | Noticed Gastronok
  8680 | D:8      | Killed Gastronok
  9056 | D:9      | Noticed a fire dragon
  9063 | D:9      | Reached skill level 5 in Shields
  9071 | D:9      | Noticed a two-headed ogre
  9074 | D:9      | Killed a fire dragon
  9189 | D:9      | Killed a two-headed ogre
  9190 | D:9      | Reached XP level 11. HP: 56/76 MP: 13/13
  9192 | D:9      | Noticed a red ugly thing
  9194 | D:9      | Noticed a cyan ugly thing
  9208 | D:9      | Killed a cyan ugly thing
  9214 | D:9      | Killed a cyan ugly thing
  9639 | D:9      | Reached skill level 5 in Invocations
  9727 | D:9      | Found a sparkling altar of Nemelex Xobeh.
  9728 | D:9      | Found a sacrificial altar of Ru.
  9868 | D:9      | Found a staircase to the Orcish Mines.
 10198 | D:9      | Reached ** piety under Cheibriados
 10295 | D:10     | Entered Level 10 of the Dungeon
 10448 | D:10     | Found a basalt altar of Yredelemnul.
 10497 | D:10     | Found an ancient bone altar of Kikubaaqudgha.
 10521 | D:10     | Reached skill level 1 in Fire Magic
 10574 | D:10     | Identified a scroll of acquirement
 10574 | D:10     | Acquired the ring of Sug Amnuyp {Fly rElec rF- rC+ Int+4}
 10589 | D:10     | Noticed an ice dragon
 10590 | D:10     | Noticed a fire dragon
 10590 | D:10     | Found the +2 shield of Resistance {rF++ rC++ Will++}
 10590 | D:10     | Noticed an ice dragon
 10591 | D:10     | Found a runed translucent door.
 10592 | D:10     | Noticed a fire dragon
 10594 | D:10     | Found a runed translucent door.
 11415 | D:11     | Noticed Nergalle
 11425 | D:11     | Killed Nergalle
 11425 | D:11     | Reached *** piety under Cheibriados
 11657 | D:11     | Noticed a two-headed ogre
 11665 | D:11     | Killed a two-headed ogre
 12169 | D:12     | Noticed a green ugly thing
 12169 | D:12     | Noticed a seven-headed hydra
 12180 | D:11     | Killed a green ugly thing
 12181 | D:11     | Reached XP level 12. HP: 77/81 MP: 16/16
 12269 | D:11     | Killed a seven-headed hydra
 13184 | D:12     | Found a broken altar of Ashenzari.
 13187 | D:12     | Noticed Fannar
 13198 | D:12     | Killed Fannar
 13199 | D:12     | Reached skill level 5 in Dodging
 13449 | D:12     | Found a portal to a secret trove of treasure.
 13872 | D:13     | Noticed a centaur warrior
 13881 | D:13     | Killed a centaur warrior
 13913 | D:13     | Noticed a centaur warrior
 13922 | D:13     | Killed a centaur warrior
 14108 | D:13     | Identified the +0 tower shield of Ulacaoci {rF- rN+ rCorr
                  | Dex+3}
 14146 | D:13     | Noticed a centaur warrior
 14153 | D:13     | Killed a centaur warrior
 14198 | D:13     | Noticed a centaur warrior
 14205 | D:13     | Killed a centaur warrior
 14214 | D:13     | Reached skill level 10 in Armour
 14215 | D:13     | Reached **** piety under Cheibriados
 14268 | D:13     | You are sucked into a shaft and drop 1 floor!
 14539 | D:14     | Noticed a boulder beetle
 14542 | D:14     | Killed a boulder beetle
 14572 | D:14     | Noticed a fire dragon
 14574 | D:14     | Noticed a centaur warrior
 14584 | D:14     | Killed a fire dragon
 14586 | D:14     | Noticed a centaur warrior
 14588 | D:14     | Killed a centaur warrior
 14589 | D:14     | Reached skill level 5 in Fire Magic
 14595 | D:14     | Killed a centaur warrior
 14715 | D:14     | Reached XP level 13. HP: 57/85 MP: 18/18
 14860 | D:15     | Entered Level 15 of the Dungeon
 15559 | D:13     | Reached skill level 12 in Fighting
 15587 | D:14     | Reached skill level 1 in Evocations
 15782 | D:14     | Reached ***** piety under Cheibriados
 17422 | Lair:1   | Entered Level 1 of the Lair of Beasts
 17869 | Lair:1   | Gained mutation: Your large and strong wings let you fly.
                  | [Gargoyle growth]
 17869 | Lair:1   | Reached XP level 14. HP: 92/92 MP: 21/21
 18228 | Lair:2   | Found a staircase to the Shoals.
 18400 | Lair:2   | Identified the +9 trident "Tiyqefesch" {vamp, rElec rN+}
 18611 | Lair:2   | Reached skill level 13 in Fighting
 19587 | Lair:3   | Found a hole to the Spider Nest.
 19587 | Lair:3   | Noticed Urug
 19597 | Lair:3   | Killed Urug
 19598 | Lair:3   | Reached skill level 10 in Invocations
 19722 | Lair:3   | Noticed Kirke
 19738 | Lair:3   | Killed Kirke
 19803 | Lair:3   | Reached skill level 5 in Evocations
 19927 | Lair:3   | Reached ****** piety under Cheibriados
 19968 | Lair:3   | Found a hazy altar of Hepliaklqana.
 20175 | Lair:4   | Noticed Snorg
 20182 | Lair:4   | Killed Snorg
 20230 | Lair:4   | Noticed Nessos
 20257 | Lair:4   | Killed Nessos
 21546 | Lair:5   | Entered Level 5 of the Lair of Beasts
 21710 | Lair:5   | Reached skill level 14 in Fighting
 22257 | Lair:5   | Reached XP level 15. HP: 79/101 MP: 23/23
 22457 | Lair:5   | Found a staircase to the Slime Pits.
 22457 | Lair:5   | Found a viscous altar of Jiyva.
 22457 | Lair:5   | Paralysed by a floating eye for 4 turns
 23219 | Lair:5   | Reached skill level 15 in Fighting
 23305 | Lair:5   | Found a burning altar of Makhleb.
 23622 | Lair:5   | Found a gateway to Hell.
 23921 | Orc:1    | Entered Level 1 of the Orcish Mines
 24224 | Orc:2    | Entered Level 2 of the Orcish Mines
 24228 | Orc:2    | Found a staircase to the Elven Halls.
 24232 | Orc:2    | Paralysed by an orc sorcerer for 2 turns
 24234 | Orc:1    | Noticed Jorgrun
 24247 | Orc:1    | Killed Jorgrun
 24657 | Orc:2    | Noticed an orc warlord
 24675 | Orc:1    | Killed an orc warlord
 25992 | Orc:2    | Paralysed by something for 3 turns
 26078 | Orc:2    | Found Naafonl Ydemp's Distillery.
 26078 | Orc:2    | Found Miylun's Distillery.
 26079 | Orc:2    | Found Maixua Noele's Armour Shop.
 26079 | Orc:2    | Found Izoc Nad's Antique Armour Shoppe.
 26086 | Orc:2    | Bought 2 potions of heal wounds for 150 gold pieces
 26086 | Orc:2    | Bought a potion of lignification for 45 gold pieces
 26086 | Orc:2    | Bought 2 potions of might for 120 gold pieces
 26088 | Orc:2    | Bought a pair of embroidered gloves for 232 gold pieces
 26094 | Orc:2    | Bought a potion of berserk rage for 55 gold pieces
 26094 | Orc:2    | Bought a potion of heal wounds for 55 gold pieces
 26310 | Elf:1    | Entered Level 1 of the Elven Halls
 26316 | Elf:1    | Reached XP level 16. HP: 110/110 MP: 26/26
 26572 | Elf:1    | Reached skill level 16 in Fighting
 27162 | Elf:1    | Paralysed by an air elemental for 1 turns
 27476 | Elf:1    | Reached skill level 10 in Evocations
 27657 | Elf:1    | Got the Atlas of the Lamprey
 28378 | Spider:1 | Entered Level 1 of the Spider Nest
 28537 | Spider:1 | Slain by an emperor scorpion

Illustrated notes

Levels and vault maps discovered:
D:1:      lemuel_arrival_room, layout_loops_corners,
          shapermc_ecumenical_altar_gd
D:2:      layout_rooms, basic_altar
D:3:      layout_loops_ring, led_sif_book, serial_shops, shop_statue
D:4:      layout_loops_ring, serial_co_window_serial, co_window_paths_a,
          co_window_of_opportunity_a, co_window_of_opportunity_a,
          co_window_paths_a, co_window_paths_b, co_window_corner_cb,
          co_window_cross_2, co_window_2corner, co_window_broadway_c,
          co_window_of_opportunity_c, glass_columns_a,
          nicolae_ossuary_entry_false_entrances,
          eino_small_chamber_without_monster
D:5:      layout_rooms, minmay_manual_mess
D:6:      layout_basic, uniq_edmund, uniq_crazy_yiuf_cottage, uniq_blork_the_orc
D:7:      layout_basic, minmay_temple_entry_glassed_door, grunt_ministairs_2,
          kennysheep_generic_room_10, uniq_pikel
D:8:      layout_loops_cross, lair_entry_dummy, nicolae_shop_fire_sale
          [nicolae_sub_dead_trees], lightli_orcish_oven, uniq_gastronok
D:9:      minmay_blocky_corners, layout_basic, nicolae_overflow_squiral,
          serial_co_window_serial, co_window_paths_b, co_window_corner_a,
          co_window_paths_b, co_window_corner_a, co_window_of_opportunity_a,
          co_window_2corner, co_window_2corner, co_window_broadway_a,
          glass_columns_a, glass_columns_b, glass_columns_a, glass_columns_c,
          minivault_20
D:10:     layout_loops_cross, lemuel_tele_altar,
          nicolae_kikubaaqudgha_miasma_corner, minmay_guarded_unrand_resistance
D:11:     layout_basic, uniq_nergalle
D:12:     layout_irregular_city, nicolae_trove_entry_columns,
          kb_lookout_dungeons_type, nrook_mini_vaults, moated_statue,
          chequers_mini_garden, cheibrodos_ashenzari_chains, uniq_fannar
D:13:     layout_roguey, grunt_vaults_entry_tiered
D:14:     cheibrodos_ideogram_h, layout_basic, interstate_on_off
D:15:     gammafunk_depths_entry_grave, layout_cave_pools,
          dreamdust_princess_corridor, gammafunk_ghost_smash
Temple:   minmay_crystal_spiral_temple
Lair:1:   layout_roguey
Lair:2:   layout_regular_city, shoals_dummy_entry
Lair:3:   layout_roguey, spider_nest_entry_web_field, basic_altar,
          nicolae_lair_liquid_snakes, lemuel_fruit_tree,
          infiniplex_staircase_pool, uniq_kirke, uniq_urug
Lair:4:   layout_cave_pods, serial_bayou_shore_a, uniq_snorg, uniq_nessos
Lair:5:   evil_forest, layout_regular_city, minmay_slime_entry_eyes
Spider:1: layout_spider_delve
Orc:1:    layout_caves, uniq_jorgrun
Orc:2:    st_orc_ogre_mass, layout_caves, minmay_orc_temple_a
Elf:1:    nicolae_elf_arrival_fired_up, layout_loops_corners,
          minmay_elf_necromancy, st_stairs_14

Skill      XL: |  1  2  3  4  5  6  7  8  9 10 11 12 13 14 15 16 |
---------------+-------------------------------------------------+-----
Fighting       | 4 10 11 12 14 15 16 | 16.8
Maces & Flails | 3 9 10 12 | 12.3
Armour         | 4 5 6 7 9 10 | 10.5
Dodging        | 3 4 6 |  6.1
Invocations    | 3 6 7 9 11 13 14 | 14.6
Shields        | 5 7 8 |  8.9
Fire Magic     | 2 5 |  5.4
Evocations     | 3 7 9 10 | 10.5

Action                   |  1- 3 |  4- 6 |  7- 9 | 10-12 | 13-15 | 16-18 || total
-------------------------+-------+-------+-------+-------+-------+-------++-------
Melee: Flail             |   139 |   132 |   203 |   436 |   199 |       ||  1109
       Demon whip        |       |       |       |       |   920 |   265 ||  1185
 Cast: Scorch            |       |       |       |     1 |     3 |       ||     4
Invok: Bend Time         |       |       |       |     2 |       |       ||     2
       Slouch            |       |       |       |       |     2 |     4 ||     6
       Step From Time    |       |       |       |       |       |     1 ||     1
Evoke: Wand              |       |       |       |    10 |    34 |     6 ||    50
  Use: Scroll            |     3 |    12 |     8 |    11 |    24 |     3 ||    61
       Potion            |       |     2 |     2 |     8 |     4 |     6 ||    22
 Stab: Invisible         |       |       |       |     3 |       |       ||     3
Armor: Scale mail        |   109 |   106 |    17 |       |       |       ||   232
       Chain mail        |       |       |    71 |   107 |       |       ||   178
       Fire dragon scale |       |       |       |   244 |   483 |   128 ||   855
Dodge: Dodged            |    90 |    80 |    59 |   198 |   698 |   155 ||  1280
Block: Buckler           |    32 |    28 |    40 |   284 |   468 |    56 ||   908
       Reflection        |       |       |     2 |    34 |     9 |     1 ||    46
       Kite shield       |       |       |       |       |       |    69 ||    69
